 Dungeon Crawl Stone Soup version 0.31-a0-986-g5e6e4ef867 (webtiles) character file.

Game seed: 1236268348972398577

424 zenocrate the Chiller (level 6, 0/46 HPs)
             Began as a Barachi Ice Elementalist on Nov 8, 2023.
             Was an Initiate of Gozag.
             Succumbed to a scorpion's poison
             ... on level 5 of the Dungeon.
             The game lasted 00:05:24 (4507 turns).

zenocrate the Chiller (Barachi Ice Elementalist)    Turns: 4507, Time: 00:05:25

Health: 0/46       AC:  4    Str:  9    XL:     6   Next: 96%
Magic:  9/11       EV: 12    Int: 16    God:    Gozag
Gold:   207        SH:  0    Dex: 14    Spells: 5/12 levels left

rFire   . . .        b - +0 short sword
rCold   + . .        (no shield)
rNeg    . . .        B - +1 robe {rC+}
rPois   .            A - +0 helmet
rElec   .            (no cloak)
rCorr   .            (no gloves)
SInv    .            (no boots)
Will    .....        u - amulet of the acrobat
Stlth   ++           d - ring of flight
HPRegen 0.27/turn    (no ring)
MPRegen 0.12/turn

%: acrobat
@: lethally poisoned (0 -> -26), flying, invisible, slow
A: amphibious, slowness 1, strong legs 1, +LOS
a: Hop, Renounce Religion, Potion Petition, Call Merchant, Bribe Branch


You were on level 5 of the Dungeon.
You worshipped Gozag.
Gozag was aware of your devotion.
You visited 1 branch of the dungeon, and saw 5 of its levels.

You collected 280 gold pieces.
You spent 55 gold pieces at shops.
You paid 18 gold pieces to Gozag.

Inventory:

Hand Weapons
 a - a +0 dagger
 b - a +0 short sword (weapon)
Missiles
 l - 5 javelins
 E - 2 poisoned darts
Armour
 g - a +0 buckler
 A - a +0 helmet (worn)
 B - a +1 robe of cold resistance (worn)
Jewellery
 d - a ring of flight (left hand)
 u - an amulet of the acrobat (around neck)
Scrolls
 c - a scroll of poison {unknown}
 e - a scroll of butterflies {unknown}
 i - a scroll of silence {unknown}
 j - 2 scrolls of vulnerability {unknown}
 k - a scroll of fear {unknown}
 m - a scroll of noise {unknown}
 o - a scroll of revelation {unknown}
 p - 2 scrolls of fog {unknown}
 q - a scroll of enchant weapon {unknown}
 s - 3 scrolls of amnesia {unknown}
 w - 6 scrolls of teleportation
 y - 3 scrolls of enchant armour {unknown}
 C - a scroll of brand weapon {unknown}
Potions
 f - a potion of heal wounds
 h - a potion of enlightenment
 n - a potion of curing {unknown}
 r - a potion of berserk rage {unknown}
 t - a potion of invisibility
 v - a potion of attraction {unknown}
 x - a potion of magic
 z - a potion of degeneration {unknown}
 D - a potion of might {unknown}


   Skills:
 + Level 2.8 Fighting
 + Level 3.2 Short Blades
 - Level 2.3 Dodging
 + Level 3.6 Stealth
 - Level 3.7 Spellcasting
 - Level 6.0 Ice Magic


You had 5 spell levels left.
You knew the following spells:

 Your Spells              Type           Power      Damage    Failure   Level
a - Freeze                Ice            88%        1d9       1%          1
b - Frozen Ramparts       Ice            44%        1d7       4%          3
c - Ozocubu's Armour      Ice            22%        N/A       4%          3

Your spell library contained the following spells:

 Spells                   Type           Power      Damage    Failure   Level
 Cigotuvi's Dreadful Rot  Necr/Pois/Air  4%         N/A       26%         2
 Summon Ice Beast         Ice/Summ       12%        N/A       45%         4
 Dispel Undead            Necr           2%         3d7       86%         4
 Death Channel            Necr           1%         N/A       100%        6


Dungeon Overview and Level Annotations

Branches:
Dungeon (5/15)
 Temple: D:4-7

Altars:
Elyvilon
Gozag
Kikubaaqudgha

Shops:
D:1 [

Annotations:
D:3 2 transporters, boiyoioing's ghost, weakling GnCA


Innate Abilities, Weirdness & Mutations

You are amphibious.
You cover ground slowly.
You can hop short distances.
You have an extended range of vision and can be seen from far away.


Message History

You hit the scorpion but do no damage.
The scorpion is lightly wounded.
You feel sick. The scorpion barely misses you.
You hit the scorpion.
The scorpion is lightly wounded.
You feel sick. The scorpion stings you.
You are more poisoned.
The scorpion poisons you!
You barely miss the scorpion.
The scorpion is lightly wounded.
You feel very sick. The scorpion stings you.
You are more poisoned.
The scorpion poisons you!
Casting: Freeze (safe; 1% risk of failure)
Confirm with . or Enter, or press ? or * to list all spells.
Aiming: Freeze (safe; 1% risk of failure)
Press: ? - help, Shift-Dir - straight line, f - scorpion
Aim: a scorpion (lightly wounded)
You freeze the scorpion.
The scorpion is moderately wounded.
You feel very sick. The scorpion stings you!
You are more poisoned.
The scorpion poisons you!
Casting: Freeze (safe; 1% risk of failure)
Confirm with . or Enter, or press ? or * to list all spells.
Aiming: Freeze (safe; 1% risk of failure)
Press: ? - help, Shift-Dir - straight line, f/p - scorpion
Aim: a scorpion (moderately wounded)
You freeze the scorpion.
The scorpion is heavily wounded.
* * * LOW HITPOINT WARNING * * *
You feel extremely sick. The scorpion closely misses you.
Unknown command.
It was a potion of invisibility.
You fade into invisibility!
You die...
Your body crumbles into a pile of gold.

........# #.............<
........###.........##..)
..######..........#..# #.
..# #.............# # ..#
#.....###.$...#.# ###
#.....# #.......# #
##.#.:# #....##.# #
####..##.###.....#.#
#...........@......#
#.#...#...#..s#....#
#..#...#..l#...#.....
#..!#...#..$#...#....#
#..#..o#...#...#.....#
#.#...#...#...#......
#...................#
#...#...#...#...#...#
#..#c..# .# ..#.. .#


You could see a centaur (asleep), a scorpion (unable to see you) and an iguana
(asleep).

Vanquished Creatures
  An ogre (D:5)
  A scorpion (D:4)
  2 hounds
  A sleepcap (D:4)
  6 adders
  2 ufetubi (D:5)
  2 dart slugs
  2 orcs
  3 bats
  9 endoplasms
  2 giant cockroaches (D:1)
  4 goblins
  4 hobgoblins
  2 jackals (D:2)
  2 kobolds (D:3)
  3 quokkas
  7 ball pythons
  7 frilled lizards
  3 rats
63 creatures vanquished.

Vanquished Creatures (others)
  A phantom (D:5)
1 creature vanquished.

Grand Total: 64 creatures vanquished

Notes
Turn   | Place    | Note
-------+----------+-------------------------------------------
     0 | D:1      | zenocrate the Barachi Ice Elementalist began the quest for
                  | the Orb.
     0 | D:1      | Reached XP level 1. HP: 13/13 MP: 3/3
    96 | D:1      | Reached skill level 5 in Ice Magic
   158 | D:1      | Reached XP level 2. HP: 19/19 MP: 0/5
   724 | D:1      | Found Pagagh's Antique Armour Emporium.
  1001 | D:2      | Reached XP level 3. HP: 24/24 MP: 3/7
  1015 | D:2      | Learned a level 3 spell: Frozen Ramparts
  1019 | D:2      | Learned a level 3 spell: Ozocubu's Armour
  1202 | D:2      | Found an ancient bone altar of Kikubaaqudgha.
  1642 | D:2      | Reached XP level 4. HP: 30/30 MP: 6/9
  1919 | D:3      | Found an opulent altar of Gozag.
  1952 | D:3      | Became a worshipper of Gozag Ym Sagoz the Greedy
  2031 | D:3      | Found a transporter.
  2032 | D:3      | Noticed boiyoioing's ghost (weakling GnCA)
  2046 | D:3      | Found a transporter.
  2120 | D:3      | Reached skill level 6 in Ice Magic
  2333 | D:3      | Found a white marble altar of Elyvilon.
  2758 | D:1      | Bought a runed robe for 55 gold pieces
  3097 | D:4      | Reached skill level 1 in Short Blades
  3097 | D:4      | Reached XP level 5. HP: 21/35 MP: 7/10
  3660 | D:4      | Reached skill level 1 in Fighting
  3660 | D:4      | Reached XP level 6. HP: 15/43 MP: 4/11
  3924 | D:5      | Entered Level 5 of the Dungeon
  4507 | D:5      | Succumbed to a scorpion's poison

Illustrated notes

Levels and vault maps discovered:
D:1:      lightli_arrival_flooded_house, layout_loops_ring, serial_shops,
          nicolae_shop_back_alley_shop
D:2:      layout_basic, basic_altar, chequers_decorated_corner
D:3:      layout_basic, mainiacjoe_overflow_catwalk,
          nicolae_elyvilon_peaceful_grove, gammafunk_ghost_stat_death
D:4:      layout_loops_ring
D:5:      cheibrodos_fzero, layout_basic

Skill      XL: |  1  2  3  4  5  6 |
---------------+-------------------+-----
Ice Magic      | 5 6 |  6.0
Spellcasting   | 3 |  3.7
Short Blades   | 1 2 3 |  3.2
Stealth        | 2 3 |  3.6
Fighting       | 1 2 |  2.8
Dodging        | |  2.3

Action                     |  1- 3 |  4- 6 || total
---------------------------+-------+-------++-------
  Melee: Unarmed           |    53 |     4 ||    57
         Short sword       |       |    89 ||    89
         Dagger            |       |     6 ||     6
   Cast: Freeze            |    54 |    38 ||    92
         Ozocubu's Armour  |       |     1 ||     1
         Frozen Ramparts   |       |     1 ||     1
Ability: Hop               |       |     1 ||     1
    Use: Scroll            |       |     4 ||     4
         Potion            |       |     2 ||     2
   Stab: Sleeping          |     3 |     4 ||     7
 Armour: Robe              |    44 |    92 ||   136
         Skin              |       |    13 ||    13
  Dodge: Dodged            |    68 |    99 ||   167

Table legend: (Time is in decaauts)
 A = Elapsed time spent in this place.
 B = Non-inter-level travel time spent in this place.
 C = Inter-level travel time spent in this place.
 D = Time resting spent in this place.
 E = Time spent auto-exploring this place.
 F = Levels seen in this place.
 G = Mean time per level.
                   A        B        C        D        E       F      G
               +--------+--------+--------+--------+--------+-----+--------+
         Total |   5044 |   4761 |    283 |     11 |   4017 |   5 | 1008.8 |
       Dungeon |   5044 |   4761 |    283 |     11 |   4017 |   5 | 1008.8 |
               +--------+--------+--------+--------+--------+-----+--------+

Top non-repeatable levels by time:
     D:1: 1195 daAuts
     D:4: 1158 daAuts
     D:3: 1143 daAuts
     D:2: 1034 daAuts
     D:5: 512 daAuts
